Description

Fast economy

Build Order

Get SALT Encoding   

  13  0:15  Overlord  
  16  0:48  Hatchery  
  16  1:10  Extractor  
  16  1:12  Spawning Pool  
  19  1:30  Drone x3  To gas
  20  1:49  Overlord  
  25  2:04  Zergling x4, Queen x2  
  28  2:19  Metabolic Boost  
  28  2:20  Drone x3  Out of gas
  30  2:36  Hatchery  
  31  2:45  Queen  
  33  2:52  Overlord  
  43  3:25  Queen x3  
  66  4:15  Extractor  
  67  4:25  Lair  
  67  4:30  Hatchery  
  76  4:55  Roach Warren  
Spawning Tool Build Advisor. Get it on Overwolf

Analysis

Go into 3 hatchery fast with 66 drones for economy

Go to:

Details

  • Created by: CloudTwin
  • Published on: Nov 09, 2023
  • Modified on: Nov 09, 2023
  • Patch: 5.0.11
  • Difficulty: Medium
Show
View Real Time Build Order
Export as new Build Order

Comments (0)

There are no comments. Be the first!

Create an account to comment!